 Dungeon Crawl Stone Soup version 0.31.0-11-ge490571c62 (webtiles) character file.

Game seed: 5171873765329798990

132 qw the Ducker (level 4, -2/23 HPs)
             Began as a Spriggan Hunter on Feb 4, 2024.
             Slain by a gnoll
             ... wielding a +0 club
              (6 damage)
             ... on level 3 of the Dungeon.
             The game lasted 00:00:05 (1437 turns).

qw the Ducker (Spriggan Hunter)                     Turns: 1437, Time: 00:00:06

Health: -2/23      AC:  2    Str:  7    XL:     4   Next: 92%
Magic:  5/5        EV: 20    Int: 10    God:
Gold:   111        SH:  0    Dex: 20    Spells: 3/3 levels left

rFire   . . .        a - +0 shortbow (flame)
rCold   . . .        (shield currently unavailable)
rNeg    . . .        c - +0 robe
rPois   .            (helmet restricted)
rElec   .            (no cloak)
rCorr   .            (gloves unavailable)
SInv    +            (boots unavailable)
Will    .....        (no amulet)
Stlth   ++           (no ring)
HPRegen 0.23/turn    (no ring)
MPRegen 0.09/turn

%: no passive effects
@: very quick
A: very small, no large weapons, unfitting armour, see invisible, speed 3
a: no special abilities


You were on level 3 of the Dungeon.
You visited 1 branch of the dungeon, and saw 3 of its levels.

You collected 111 gold pieces.


Innate Abilities, Weirdness & Mutations

You are very small and have problems with some larger weapons.
You are too small for most types of armour.
You have supernaturally acute eyesight. (SInv)
You cover ground extremely quickly. (Speed+++)


   Skills:
 + Level 1.8 Fighting
 - Level 5.0 Ranged Weapons
 - Level 5.4 Dodging
 - Level 1.5 Stealth


You had 3 spell levels left.
You didn't know any spells.
Your spell library was empty.

Inventory:

Hand Weapons
 a - a +0 shortbow of flaming (weapon)
Armour
 c - a +0 robe (worn)
Scrolls
 b - a scroll of immolation {unknown}
Potions
 e - a potion of curing

Dungeon Overview and Level Annotations

Branches:
Dungeon (3/15)

Altars:

Shops:
D:1 (

Annotations:
D:3 Natasha


Message History

The gnoll is heavily wounded.
The gnoll hits you from afar with a +0 spear!
You shoot an arrow. The arrow hits the gnoll.
The arrow burns the gnoll.
The gnoll is moderately wounded.
The gnoll hits you with a +0 flail.
The gnoll hits you from afar with a +0 spear.
1429 ||| DRINKING potion of heal wounds.
You feel much better.
The gnoll hits you from afar with a +0 spear.
You shoot an arrow.
The arrow hits the gnoll but does no damage.
The gnoll is moderately wounded.
Natasha claws you! The gnoll closely misses you.
The gnoll completely misses you.
You shoot an arrow. The arrow hits the gnoll!
The arrow burns the gnoll.
You kill the gnoll!
Natasha closely misses you. The gnoll closely misses you.
You shoot an arrow. The arrow hits Natasha!
The arrow burns Natasha.
Natasha is severely wounded.
Natasha claws you. The gnoll completely misses you. x2
You shoot an arrow. The arrow hits Natasha.
The arrow burns Natasha.
Natasha is almost dead.
Natasha stares at you and mumbles some strange words.
You easily resist.
The gnoll closely misses you. The gnoll barely misses you.
The gnoll closely misses you.
Natasha mumbles some strange words.
The gnoll misses you.
Enter note:
Enter note:
1434 ||| RETREEEEATING.
You shoot an arrow. The arrow closely misses Natasha.
Natasha casts a spell.
Enter note:
1436 ||| RETREEEEATING.
The gnoll attacks as it pursues you! The gnoll closely misses you.
You shoot an arrow. The arrow barely misses the gnoll.
The arrow hits Natasha but does no damage.
Natasha is almost dead.
The gnoll hits you with a +0 club.
You die...

#.......#
#.....)......
#.......#
#............
#.......#
#............
$.......#
#.#..........
....5..5#
#.#).........
......%g#
#.#.#######..
#h# #.#.. ..
#g# #.###
#@####.#
#......#
########


You could see Natasha, 2 gnolls and a cerulean imp (summoned).

Vanquished Creatures
  A howler monkey (D:3)
  Jessica (D:2)
  A gnoll (D:3)
  An adder (D:2)
  A ribbon worm (D:2)
  An orc (D:3)
  4 bats
  3 endoplasms (D:2)
  2 giant cockroaches
  6 goblins
  3 hobgoblins
  5 jackals (D:1)
  5 kobolds
  2 quokkas (D:1)
  4 ball pythons
  A frilled lizard (D:2)
  2 rats (D:1)
43 creatures vanquished.

Notes
Turn   | Place    | Note
-------+----------+-------------------------------------------
     0 | D:1      | qw the Spriggan Hunter began the quest for the Orb.
     0 | D:1      | Reached XP level 1. HP: 10/10 MP: 2/2
     0 | D:1      | 0 ||| qw: Version: 0.3-a-160-g6735b56
     0 | D:1      | 0 ||| qw: Game counter: 4856
     0 | D:1      | 0 ||| qw: Melee chars always use a shield: true
     0 | D:1      | 0 ||| qw: God list: Okawaru
     0 | D:1      | 0 ||| qw: Allow faded altars: false
     0 | D:1      | 0 ||| qw: Do Orc after clearing Dungeon:15 true
     0 | D:1      | 0 ||| qw: Do second Lair branch before Depths: true
     0 | D:1      | 0 ||| qw: Lair rune preference: random
     0 | D:1      | 0 ||| qw: Goals: Normal
     0 | D:1      | 0 ||| PLANNING D:1-11
    61 | D:1      | Reached skill level 3 in Dodging
   151 | D:1      | Found a faded altar of an unknown god.
   154 | D:1      | Found Oliesk's Weapon Shoppe.
   194 | D:1      | Reached XP level 2. HP: 14/14 MP: 3/3
   699 | D:1      | 699 ||| READING 2 scrolls labelled ULESHUHYIH.
   700 | D:1      | 700 ||| READING scroll labelled XOIPSI EKKA.
   700 | D:1      | 700 ||| IDENTIFYING fizzy amethyst potion
   701 | D:1      | 701 ||| READING scroll labelled CIDGHA ZOSOCH.
   702 | D:1      | 702 ||| READING scroll labelled SAIXIF TIHINIT.
   705 | D:1      | 705 ||| READING scroll labelled ERECUUL ZADUR.
   705 | D:1      | 705 ||| BRANDING +0 shortbow.
   706 | D:1      | 706 ||| DROPPING scroll of butterflies.
   707 | D:1      | 707 ||| DROPPING scroll of fear.
   716 | D:2      | Noticed Jessica
   718 | D:2      | Reached XP level 3. HP: 18/18 MP: 4/4
   719 | D:2      | Killed Jessica
  1011 | D:2      | Reached XP level 4. HP: 22/22 MP: 5/5
  1218 | D:2      | 1218 ||| READING scroll of identify.
  1218 | D:2      | 1218 ||| IDENTIFYING glowing ruby potion
  1219 | D:2      | 1219 ||| READING scroll labelled ULEBAC KAMUE.
  1220 | D:2      | 1220 ||| DRINKING 4 brown potions.
  1256 | D:2      | 1256 ||| DROPPING 3 potions of lignification.
  1426 | D:3      | Noticed Natasha
  1428 | D:3      | HP: 5/22 [gnoll/+0 spear (4)]
  1429 | D:3      | 1429 ||| DRINKING potion of heal wounds.
  1434 | D:3      | 1434 ||| RETREEEEATING.
  1436 | D:3      | 1436 ||| RETREEEEATING.
  1437 | D:3      | Slain by a gnoll

Levels and vault maps discovered:
D:1:      roderic_dead_forest, layout_basic, serial_shops, shop,
          chequers_ecumenical_altar_simple
D:2:      layout_loops_cross, uniq_jessica
D:3:      layout_basic, uniq_natasha, uniq_grinder

Skill      XL: |  1  2  3  4 |
---------------+-------------+-----
Dodging        | 3 4 5 |  5.4
Ranged Weapons | 5 |  5.0
Fighting       | |  1.8
Stealth        | |  1.5

Action                     |  1- 3 |  4- 6 || total
---------------------------+-------+-------++-------
   Fire: Shortbow          |    74 |    29 ||   103
    Use: Scroll            |     5 |     2 ||     7
         Potion            |       |     2 ||     2
 Armour: Robe              |     5 |     8 ||    13
  Dodge: Dodged            |    15 |    16 ||    31

Table legend:
 A = Non-vault XP
 B = Vault XP
 C = Vault XP percentage of total XP
 D = Non-vault monster count
 E = Vault monster count
 F = Vault count percentage of total count
                 A         B        C        D         E       F
            +---------+---------+-------+---------+---------+-------
      Total |     152 |      37 |  19.6 |      42 |       1 |   2.3
            +---------+---------+-------+---------+---------+-------
        D:1 |      40 |       0 |   0.0 |      24 |       0 |   0.0
        D:2 |      37 |      37 |  50.0 |      13 |       1 |   7.1
        D:3 |      75 |       0 |   0.0 |       5 |       0 |   0.0
            +---------+---------+-------+---------+---------+-------
